[Event "44th Chess Olympiad Women 2022"]
[Site "Chennai"]
[Date "2022.08.03"]
[Round "6.38"]
[White "Jansone, Melanija Luize"]
[Black "Berezovsky, Fiorina"]
[Result "1/2-1/2"]
[WhiteElo "1584"]
[BlackElo "1544"]
[Annotator "NA RC"]
[PlyCount "128"]
[EventDate "2022.??.??"]
[TimeControl "60"]

1. e4 c5 2. Nf3 e6 3. d4 cxd4 4. Nxd4 a6 5. Bd3 Nf6 6. Qe2 d6 7. a4 Be7 8. Nc3 O-O 9. O-O Nc6 10. Nxc6 bxc6 11. e5 dxe5 12. Qxe5 Bd6 13. Qg5 Qc7 14. Qh4 Rb8 15. Bg5 Rb4 16. f4 Rd8 17. Bxf6 gxf6 18. Qxh7+ Kf8 19. Ne4 f5 20. Qh8+ Ke7 21. Qh4+ Kf8 22. Nxd6 Qxd6 23. Rad1 Rd4 24. Rf3 c5 25. Rh3 Rxf4 26. Qf6 Qd4+ 27. Qxd4 cxd4 28. Rh8+ Ke7 29. Rxd8 Kxd8 30. g3 Rg4 31. Be2 Re4 32. Bf3 Re3 33. Rxd4+ Ke7 34. Kf2 Re5 35. b3 Rc5 36. c4 Rc7 37. h4 e5 38. Rd5 e4 39. Bd1 Be6 40. Rd4 Kf6 41. Ke3 Ke5 42. h5 Rc8 43.
Bc2 Rg8 44. Bxe4 Rxg3+ 45. Bf3 Rg1 46. Rh4 Rb1 47. h6 Rxb3+ 48.
Kf2 Rb2+ 49. Kg3 Rb8 50. a5 Rg8+ 51. Kf2 f4 52. Rh5+ f5 53.
c5 Rh8 54. Bb7 Bc4 55. h7 Kd4 56. c6 Bd5 57. Rxf5 Bxc6 58. Bxc6 Rxh7 59. Kf3 Rc7 60. Be4 Rc5 61. Rxc5 Kxc5 62. Bb7 Kb4 63. Bxa6 Kxa5 64. Kxf4 Kxa6 1/2-1/2

[Event "44th Chess Olympiad Women 2022"]
[Site "Chennai"]
[Date "2022.08.03"]
[Round "6.38"]
[White "Ter-Avetisjana, Agnesa Stepania"]
[Black "Jose de Ribbegren, Kenia"]
[Result "1-0"]
[WhiteElo "1962"]
[BlackElo "1787"]
[Annotator "NA RC"]
[PlyCount "75"]
[EventDate "2022.??.??"]
[TimeControl "60"]

1. e4 d5 2. exd5 Nf6 3. d4 Nxd5 4. Nf3 Bf5 5. a3 c6 6. c4 Nf6 7. Nc3 e6 8. Bd3 Bg4 9. Be3 Bd6 10. O-O O-O 11. h3 Bh5 12. b4 Nbd7 13.
Be2 Qe7 14. Re1 Rfd8 15. Qb3 Rac8 16. Rad1 Bb8 17. Ne5 Bxe2 18. Nxe2 Nxe5 19. dxe5 Bxe5 20. Bxa7 Nd7 21. Be3 Qh4 22. Nd4 Nc5 23. bxc5 Bxd4 24. Bxd4 Rxd4 25. Qxb7 Rcd8 26. Rxd4 Qxd4 27. Qxc6 Qxc4 28. Qc7 Qd3 29. c6 g6 30. Qb7 Qc3 31. Re3 Qf6 32. Rf3 Qa1+ 33. Kh2 Rf8 34. c7 Qe5+ 35. g3 Qc5 36. Rxf7 Kxf7 37. c8=Q+ Qe7 38. Qxe7+ 1-0

[Event "44th Chess Olympiad Women 2022"]
[Site "Chennai"]
[Date "2022.08.03"]
[Round "6.39"]
[White "Al Mansouri, Moza"]
[Black "Verbin, Valentina"]
[Result "0-1"]
[WhiteElo "1606"]
[BlackElo "2069"]
[Annotator "NA RC"]
[PlyCount "70"]
[EventDate "2022.??.??"]
[TimeControl "60"]

1. e4 c5 2. Nf3 d6 3. d4 cxd4 4. Nxd4 Nf6 5. Nc3 a6 6. f4 e5 7. Nf3 Qc7 8. Be3 Nbd7 9. Qd2 b5 10. O-O-O Bb7 11. Nd5 Nxd5 12. exd5 Rc8 13. Qf2 Nf6 14. Bb6 Ng4 15. Bxc7 Nxf2 16. Bb6 Nxd1 17. Kxd1 e4 18. Nd4 Bxd5 19. Nf5 g6 20. Ne3 Be6 21. g4 Bg7 22. b3 Rc6 23.
Ba7 Rc7 24. Bb8 Rb7 25. Bxd6 Rd7 26. Bg2 Rxd6+ 27. Ke2 f5 28. gxf5 gxf5 29. Bh3 Rf8 30. c4 bxc4 31. bxc4 Bd4 32. Rd1 Ke7 33. a4 Bxe3 34. Rxd6 Kxd6 35. Kxe3 Bxc4 0-1

[Event "44th Chess Olympiad Women 2022"]
[Site "Chennai"]
[Date "2022.08.03"]
[Round "6.39"]
[White "Almaini, Aishah Sarhan"]
[Black "Petrenko, Svetlana"]
[Result "0-1"]
[WhiteElo "1615"]
[BlackElo "2029"]
[Annotator "NA RC"]
[PlyCount "88"]
[EventDate "2022.??.??"]
[TimeControl "60"]

1. d4 f5 2. c4 Nf6 3. Nc3 g6 4. Nf3 Bg7 5. g3 O-O 6. Bg2 e6 7. O-O d5 8. Ne5 c6 9. Bg5 h6 10. Bd2 Kh7 11. cxd5 exd5 12. f4 b5 13. b4 Qb6 14. e3 Nbd7 15.
Qc2 Bb7 16. a4 a6 17. a5 Qd8 18. h3 Nxe5 19. fxe5 Ne4 20. Nxe4 dxe4 21. Bc3 Qg5 22. Qf2 Bc8 23. Rac1 Be6 24. Kh2 Qh5 25. Rg1 Kh8 26. Bf1 g5 27. Bd2 Rac8 28. Be2 Qe8 29. Qg2 Rd8 30. Rcf1 Bxe5 31. Bc3 Bg7 32. g4 f4 33. exf4 gxf4 34. Qxe4 Bd5 35. Qd3 Bc4 36. Qd2 Qxe2+ 37. Qxe2 Bxe2 38. Re1 f3 39. Rh1 Bxd4 40. Bxd4+ Rxd4 41. Rc1 Bc4 42. Rhe1 f2 43. Re7 f1=Q 44. Rxf1 Bxf1 0-1

[Event "44th Chess Olympiad Women 2022"]
[Site "Chennai"]
[Date "2022.08.03"]
[Round "6.39"]
[White "Gitu, Paula-Alexandra"]
[Black "Al Maamari, Wafia Darwish"]
[Result "1/2-1/2"]
[WhiteElo "2109"]
[BlackElo "1841"]
[Annotator "NA RC"]
[PlyCount "94"]
[EventDate "2022.??.??"]
[TimeControl "60"]

1. e4 c5 2. Nf3 g6 3. c3 d5 4. exd5 Qxd5 5. d4 Bg7 6. Be3 cxd4 7. Bxd4 Bxd4 8. Qxd4 Qxd4 9. Nxd4 a6 10. Bc4 e5 11. Nf3 Nc6 12. Ng5 Nh6 13. Nd2 Ke7 14. O-O Rd8 15. Rad1 Bf5 16. Bb3 Na5 17. Ngf3 f6 18. Rfe1 Nxb3 19. Nxb3 Rxd1 20. Rxd1 Bc2 21. Rd2 Bxb3 22. axb3 Nf7 23. Kf1 Nd6 24. Ke2 Rc8 25. Ne1 Ne4 26. Rd1 Nc5 27. b4 Na4 28. Rd2 Rc7 29. Rc2 e4 30. c4 Nb6 31. b3 f5 32. Rd2 Nd7 33.
Nc2 Ne5 34. Ne3 Ke6 35. Nd5 Rd7 36. f3 exf3+ 37. gxf3 Nc6 38. Ke3 g5 39. Rg2 h6 40. h4 Rg7 41. hxg5 hxg5 42. Rh2 Ke5 43.
Rh8 f4+ 44. Kd3 Nd4 45. Re8+ Ne6 46. Rh8 Nd4 47. Re8+ Ne6 1/2-1/2

[Event "44th Chess Olympiad Women 2022"]
[Site "Chennai"]
[Date "2022.08.03"]
[Round "6.39"]
[White "Mihailova, Alina"]
[Black "Mariam, Essa"]
[Result "1-0"]
[WhiteElo "1926"]
[BlackElo "1591"]
[Annotator "NA RC"]
[PlyCount "111"]
[EventDate "2022.??.??"]
[TimeControl "60"]

1. d4 Nf6 2. c4 c5 3. d5 e6 4. Nc3 exd5 5. cxd5 d6 6. g3 g6 7. Bg2 Bg7 8. Nf3 O-O 9. O-O a6 10. a4 Re8 11. Nd2 Nbd7 12. Nc4 Ne5 13. Nxe5 Rxe5 14. e4 Re8 15. h3 Rb8 16. Qd3 b5 17. axb5 axb5 18. Nxb5 Qb6 19. Nc3 Nd7 20. Kh2 Ne5 21. Qe2 c4 22. Na4 Qc7 23. Qc2 Nd3 24. Ra3 Bd7 25. Nc3 Rec8 26. f4 Qb6 27. Nd1 Bd4 28. g4 Qc5 29. Ra1 Ra8 30.
Rxa8 Rxa8 31. Nc3 Rb8 32. Rd1 Nxc1 33. Rxc1 Be3 34. Rf1 Qd4 35. Nd1 Bxf4+ 36. Kh1 Be5 37. Rf3 Ra8 38. Nc3 Ra1+ 39. Rf1 Rxf1+ 40. Bxf1 Qe3 41. Qe2 Qc1 42. Kg2 Bxc3 43. bxc3 Bb5 44. Qf3 Kg7 45. h4 Qd2+ 46. Kg1 Ba4 47. g5 Bd1 48. Qg3 Be2 49. Qf2 Qxc3 50.
Bxe2 Qc1+ 51. Kg2 c3 52. Bd3 Qb2 53. Qxb2 cxb2 54. e5 dxe5 55. d6 Kf8 56. Kf3 1-0

[Event "44th Chess Olympiad Women 2022"]
[Site "Chennai"]
[Date "2022.08.03"]
[Round "6.40"]
[White "Cordero, Daniela"]
[Black "Mongeli, Sasha"]
[Result "1-0"]
[WhiteElo "2005"]
[BlackElo "1672"]
[Annotator "NA RC"]
[PlyCount "91"]
[EventDate "2022.??.??"]
[TimeControl "60"]

1. d4 d5 2. Nf3 Nf6 3. c4 c6 4. Qc2 Bg4 5. Ne5 Nbd7 6. Nxg4 Nxg4 7. f3 Ngf6 8. e4 e6 9. cxd5 cxd5 10. e5 Ng8 11. Be3 Bb4+ 12. Nc3 Rc8 13.
Qb3 Qb6 14. Kf2 Bxc3 15. bxc3 Qxb3 16. axb3 a6 17. c4 Ne7 18. Bd3 O-O 19. f4 Nb6 20. c5 Nd7 21. b4 Nc6 22. Rhb1 Na7 23.
b5 Nxb5 24. Bxb5 axb5 25. Rxb5 Rc7 26. Ra7 Rb8 27. Bd2 Nf8 28. Ba5 Rd7 29. c6 Re7 30. Raxb7 Rbe8 31. Bb4 Rxb7 32. cxb7 Nd7 33. Bd6 f6 34. Rc5 Nxc5 35. dxc5 Kf7 36. c6 fxe5 37. fxe5 d4 38. c7 d3 39. Ke3 Kg6 40. c8=Q Rxc8 41. bxc8=Q Kf5 42. g4+ Kg5 43. Qxe6 Kh4 44. Kf3 d2 45. Be7+ Kh3 46. Qd7 1-0

[Event "44th Chess Olympiad Women 2022"]
[Site "Chennai"]
[Date "2022.08.03"]
[Round "6.40"]
[White "Monroy G., Nataly A."]
[Black "Mutisya, Jully"]
[Result "1-0"]
[WhiteElo "1907"]
[BlackElo "1428"]
[Annotator "NA RC"]
[PlyCount "57"]
[EventDate "2022.??.??"]
[TimeControl "60"]

1. d4 Nf6 2. Nf3 g6 3. c4 Bg7 4. Nc3 O-O 5. e4 d6 6. h3 e5 7. d5 a5 8. Be3 Nfd7 9. g4 Na6 10. Bd3 Ndc5 11. Bc2 f5 12. gxf5 gxf5 13. exf5 Bxf5 14. Bxf5 Rxf5 15. Rg1 Kh8 16. Ng5 Nb4 17. Qh5 Nbd3+ 18. Kd2 Qg8 19. Rg4 Nf4 20. Bxf4 exf4 21. Re1 h6 22. h4 Nd7 23. Re7 Nf6 24. Nf7+ Qxf7 25. Qxf7 Ne4+ 26. Nxe4 Rxf7 27. Rxf7 Bxb2 28. Nf6 Bxf6 29. Rxf6 1-0

[Event "44th Chess Olympiad Women 2022"]
[Site "Chennai"]
[Date "2022.08.03"]
[Round "6.40"]
[White "Ndirangu, Joyce Nyaruai"]
[Black "Coro, Soledad"]
[Result "1-0"]
[WhiteElo "1679"]
[BlackElo "1623"]
[Annotator "NA RC"]
[PlyCount "59"]
[EventDate "2022.??.??"]
[TimeControl "60"]

1. d4 Nf6 2. Nf3 e6 3. Bf4 c5 4. e3 b6 5. Nc3 a6 6. h3 Bb7 7. Be2 Be7 8. O-O O-O 9. Na4 d5 10. c4 Nbd7 11. dxc5 bxc5 12. Rc1 h6 13. b3 Ne4 14. Ne5 Nxe5 15. Bxe5 f6 16. Bb2 Rc8 17. Nc3 f5 18. Bd3 Qc7 19. cxd5 exd5 20. Ne2 Bd6 21. Nd4 Qd7 22. Nf3 Qe7 23. Qe2 a5 24. Nh2 Qc7 25. Nf3 Qe7 26. Rfd1 Bb8 27. Ba6 Bxa6 28. Qxa6 Qd8 29. Qe6+ Kh8 30. Qxh6+ 1-0

[Event "44th Chess Olympiad Women 2022"]
[Site "Chennai"]
[Date "2022.08.03"]
[Round "6.40"]
[White "Obondo, Cynthia Awino"]
[Black "Ramirez, Maria Eugenia"]
[Result "0-1"]
[WhiteElo "1439"]
[BlackElo "2005"]
[Annotator "NA RC"]
[PlyCount "108"]
[EventDate "2022.??.??"]
[TimeControl "60"]

1. d4 c5 2. e3 Nf6 3. Bd3 g6 4. Nf3 Bg7 5. O-O O-O 6. b3 d6 7. Bb2 Nc6 8. a3 Qc7 9. Nbd2 a6 10. c4 Rb8 11. Rc1 b6 12. Qe2 Nh5 13. Bb1 f5 14. h3 e5 15.
dxe5 dxe5 16. Nh2 f4 17. exf4 Nxf4 18. Qe3 Nd4 19. Rce1 Bh6 20. Kh1 Bb7 21. f3 Bg7 22. Ng4 Nh5 23. Kg1 Rbe8 24. Ne4 Nf4 25. Rf2 h5 26. Nh2 Bh6 27. Qc3 Bc8 28. Kh1 Qe7 29. Nf1 Bxh3 30. gxh3 Nxh3 31. Nh2 Nxf2+ 32. Nxf2 Qh4 33. Kg2 Bf4 34. Rh1 Ne2 35. Qd3 Qg5+ 36. Kf1 Ng3+ 37. Kg2 Nxh1+ 38. Kxh1 Kg7 39. Nh3 Qg3 40. Nxf4 Rxf4 41. Qd7+ Kf8 42. Qd6+ Re7 43. Bxg6 Qh4 44. Bc3 Rxf3 45. Qd8+ Kg7 46. Bd3 Re3 47. Bd2 Rg3 48. Qxb6 Qf6 49. Bh6+ Kf7 50. Qxf6+ Kxf6 51. Bc2 e4 52. Nf1 Rc3 53. Ne3 Kg6 54. Bf4 Kh7 0-1

[Event "44th Chess Olympiad Women 2022"]
[Site "Chennai"]
[Date "2022.08.03"]
[Round "6.41"]
[White "Charinda, Kudzanayi"]
[Black "Enomah Emmanuella Trust"]
[Result "0-1"]
[WhiteElo "1719"]
[BlackElo "1901"]
[Annotator "NA RC"]
[PlyCount "88"]
[EventDate "2022.??.??"]
[TimeControl "60"]

1. e4 c5 2. Nf3 e6 3. d4 cxd4 4. Nxd4 a6 5. Nc3 d6 6. Be3 Nd7 7. Be2 b5 8. O-O Bb7 9. f4 b4 10. Nb1 Bxe4 11. Bf3 Bxf3 12. Qxf3 d5 13. Nd2 Ngf6 14. Rae1 Bc5 15. Nxe6 fxe6 16. g4 O-O 17. g5 Ne8 18. Nb3 Bxe3+ 19. Rxe3 Qb6 20. Kh1 Nc7 21. Qh3 Rf7 22. Rg3 g6 23. Qg4 Raf8 24. h4 Qd6 25. Rgf3 e5 26. f5 Rxf5 27. Rxf5 Rxf5 28. Rxf5 gxf5 29. Qxf5 Qe6 30. Qf3 e4 31. Qf4 Qe5 32. Qg4 Qe6 33.
Qf4 Nb5 34. Nc1 Nd4 35. c3 bxc3 36. bxc3 Qh3+ 37. Kg1 Qxc3 38. Kh2 Nf3+ 39. Kh3 Nd2+ 40. Kg4 Qxc1 41. Qd6 Qd1+ 42. Kh3 Qf3+ 43. Kh2 Nf1+ 44. Kg1 Qg3+ 0-1

[Event "44th Chess Olympiad Women 2022"]
[Site "Chennai"]
[Date "2022.08.03"]
[Round "6.41"]
[White "Makwena, Christine"]
[Black "Ogbiyoyo, Perpetual Eloho"]
[Result "0-1"]
[WhiteElo "1609"]
[BlackElo "1886"]
[Annotator "NA RC"]
[PlyCount "122"]
[EventDate "2022.??.??"]
[TimeControl "60"]

1. d4 Nf6 2. c4 b6 3. Nc3 Bb7 4. Qc2 d5 5. cxd5 Nxd5 6. e4 Nxc3 7. bxc3 e5 8.
d5 Nd7 9. Nf3 h6 10. Bb5 Bd6 11. O-O a6 12. Be2 g5 13. Nd2 Qe7 14. a4 a5 15. Nc4 Bc5 16. Be3 Ba6 17. Bxc5 Nxc5 18. Na3 Bxe2 19. Qxe2 Nxa4 20. Qc4 Nc5 21. Nb5 O-O 22. Rfd1 Rad8 23. Na7 Rd6 24. Nc6 Qf6 25. Nxa5 Qf4 26. Re1 Rf6 27. f3 Ra8 28. Nc6 Rxa1 29. Rxa1 Qe3+ 30. Kh1 Nd3 31. h3 Nf2+ 32. Kh2 Qf4+ 33. Kg1 Nxh3+ 34. Kh1 Nf2+ 35. Kg1 Nh3+ 36. Kh1 Qh4 37. Qa2 Nf4+ 38. Kg1 g4 39. Qa8+ Kh7 40. Ne7 Qg5 41. fxg4 Qxg4 42. Ra2 Qg3 43. Qc8 h5 44. Kh1 Nd3 45. Nf5 Qe1+ 46. Kh2 Nf2 47. Rxf2 Qxf2 48. Qf8 Qf4+ 49. Kg1 Qg5 50. Qe8 Qc1+ 51. Kh2 Qf4+ 52. Kg1 Qxe4 53. Ne7 Qe3+ 54. Kh2 Qg5 55. Qb5 Rf2 56. Qd3+ Kg7 57. Qh3 Qf4+ 58. Qg3+ Qxg3+ 59. Kxg3 Rc2 60. Nc6 Rxc3+ 61. Kh4 Rxc6 0-1

[Event "44th Chess Olympiad Women 2022"]
[Site "Chennai"]
[Date "2022.08.03"]
[Round "6.41"]
[White "Ofowino, Toritsemuwa"]
[Black "Shaba, Linda Dalitso"]
[Result "1/2-1/2"]
[WhiteElo "1870"]
[BlackElo "1658"]
[Annotator "NA RC"]
[PlyCount "106"]
[EventDate "2022.??.??"]
[TimeControl "60"]

1. d4 Nf6 2. Nf3 e6 3. Bf4 d5 4. c3 Bd6 5. e3 b6 6. Nbd2 a5 7. Bd3 Ba6 8. Qe2 Bxf4 9. exf4 Bxd3 10. Qxd3 O-O 11. O-O c5 12. f5 exf5 13. Qxf5 Qd7 14. Qxd7 Nbxd7 15. Rfe1 Rfe8 16. a4 Rxe1+ 17. Rxe1 Re8 18. Ra1 Ne4 19. Nf1 Ndf6 20. Ne3 Kf8 21. Kf1 g6 22. Rd1 Rd8 23. Ne5 c4 24. Re1 Rd6 25. h4 h5 26. g3 Rd8 27. Kg2 Nd6 28.
f3 Nc8 29. g4 Ne7 30. Nc2 Ne8 31. gxh5 gxh5 32. f4 f6 33. Nf3 Kf7 34. Ne3 Nd6 35. Kf2 Rg8 36. Rg1 Ne4+ 37. Kf1 Rxg1+ 38. Kxg1 Ke6 39. Kf1 Nf5 40. Nc2 Nfg3+ 41. Kg2 Ne2 42. f5+ Kxf5 43. Ne3+ Ke6 44. Ne1 Nf4+ 45. Kf3 Ng6 46. N1g2 Nd6 47. Nf4+ Nxf4 48. Kxf4 Ne8 49. Nf5 Kf7 50. Ne3 Ke6 51. Nf5 Kf7 52. Ne3 Ke6 53. Nf5 Kf7 1/2-1/2

[Event "44th Chess Olympiad Women 2022"]
[Site "Chennai"]
[Date "2022.08.03"]
[Round "6.41"]
[White "Onoja, Iyefu Joy"]
[Black "Zengeni, Tatenda Melisa"]
[Result "0-1"]
[WhiteElo "1869"]
[BlackElo "1553"]
[Annotator "NA RC"]
[PlyCount "152"]
[EventDate "2022.??.??"]
[TimeControl "60"]

1. d4 d5 2. Nf3 e6 3. Bf4 f5 4. e3 Nf6 5. Nbd2 c6 6. c3 Be7 7. Be2 O-O 8.
Qb3 Qb6 9. Qxb6 axb6 10. Ne5 Nbd7 11. h3 Ne4 12. f3 Bh4+ 13.
g3 Nxg3 14. Rg1 Nh5+ 15. Kd1 Nxf4 16. exf4 Nxe5 17. fxe5 Bd7 18. Rg2 Kf7 19. Kc2 g6 20. f4 Be7 21. Nf3 c5 22. a3 cxd4 23. Nxd4 Bc5 24. Rd1 Rfc8 25. Bf1 Ba4+ 26. b3 Bc6 27. a4 Rc7 28. Rg3 Rac8 29. Kb2 Be7 30. h4 Rg8 31. Be2 Rg7 32. h5 g5 33. h6 Rg6 34. Bh5 g4 35. Bxg6+ hxg6 36. h7 Rc8 37. Rh1 Rh8 38. Kc2 Bd7 39. Rg2 g5 40. fxg5 Bxg5 41. Ne2 Kg7 42. Kd3 Rxh7 43. Rxh7+ Kxh7 44. Kd4 Bc6 45. Rh2+ Kg6 46. Rh8 Bh6 47. Rg8+ Kf7 48. Rh8 Kg7 49. Rc8 f4 50. Rc7+ Kg6 51. Re7 Bg5 52. Rxe6+ Kf5 53. Rd6 g3 54. Rf6+ Bxf6 55. exf6 Kxf6 56. Nxf4 Kf5 57. Ne2 Kg4 58. Ke3 Kh3 59. Kf4 g2 60. Ke3 Kh2 61. Kf2 Bd7 62. Kf3 Be8 63. Kg4 Bg6 64. Kf4 Bd3 65. Nd4 Be4 66. Ne2 g1=Q 67. Nxg1 Kxg1 68. b4 Kf2 69. c4 Bg2 70. cxd5 Bxd5 71. Ke5 Bb3 72. a5 bxa5 73. bxa5 Bc4 74. Kd4 Ba6 75. Kc5 Ke3 76. Kb4 Kd4 0-1

[Event "44th Chess Olympiad Women 2022"]
[Site "Chennai"]
[Date "2022.08.03"]
[Round "6.42"]
[White "El Flow, Khuloud"]
[Black "Granados Ortiz, Maria Jose"]
[Result "0-1"]
[WhiteElo "1836"]
[BlackElo "1753"]
[Annotator "NA RC"]
[PlyCount "150"]
[EventDate "2022.??.??"]
[TimeControl "60"]

1. e4 Nf6 2. e5 Nd5 3. d4 d6 4. Bc4 Nb6 5. Bd3 dxe5 6. dxe5 Nc6 7. f4 Qd5 8. Qf3 Qxf3 9. Nxf3 Bg4 10. O-O O-O-O 11. Ng5 Bh5 12. h3 h6 13. Ne4 Nb4 14. Nf2 Nxd3 15. cxd3 Be2 16. Re1 Bxd3 17. Re3 Bb5 18. Nc3 Bc6 19. b3 e6 20. Rd3 Bc5 21. Rd1 Rxd1+ 22. Ncxd1 Rd8 23. Be3 Bxe3 24. Nxe3 Nd5 25. Nxd5 Rxd5 26. Rd1 Kd7 27. Kf1 Bb5+ 28. Ke1 Kc6 29. g3 Rxd1+ 30. Kxd1 Kc5 31. a3 Kd4 32. Kd2 Bc6 33. h4 a5 34. Nd1 Bd5 35. Nc3 c6 36. b4 axb4 37. axb4 Kc4 38. Na2 Kb3 39. Nc3 Kxb4 40. Kd3 b5 41. g4 Bf3 42. g5 h5 43. f5 Bg4 44. f6 Bf5+ 45. Kd2 g6 46. Ne2 Kc4 47. Ng3 Kd5 48. Kc3 Kxe5 49. Kb4 Kd5 50. Ne2 c5+ 51. Kb3 b4 52. Nc1 e5 53. Ne2 Be6 54. Ng3 Kd4+ 55.
Kc2 b3+ 56. Kd2 Bc4 57. Kc1 Ke3 58. Kb2 Kf3 59. Kc3 Kxg3 60.
Kxc4 b2 61. Kxc5 b1=Q 62. Kd6 Qb4+ 63. Kxe5 Qb6 64. Ke4 Qe6+ 65. Kd4 Kf4 66. Kc5 Qd7 67. Kc4 Qd6 68. Kc3 Ke3 69. Kc4 Qd4+ 70. Kb5 Qc3 71. Kb6 Kd4 72. Kb7 Kd5 73. Kb8 Kd6 74. Kb7 Qc5 75. Ka6 Qb4 0-1

[Event "44th Chess Olympiad Women 2022"]
[Site "Chennai"]
[Date "2022.08.03"]
[Round "6.42"]
[White "Elfelo, Eklas"]
[Black "Ferrufino, Michelle"]
[Result "0-1"]
[WhiteElo "1562"]
[BlackElo "1811"]
[Annotator "NA RC"]
[PlyCount "136"]
[EventDate "2022.??.??"]
[TimeControl "60"]

1. e4 d5 2. exd5 Qxd5 3. Nc3 Qd6 4. d4 Nf6 5. Nf3 c6 6. Bd3 Bg4 7. Be3 Nbd7 8. h3 Bh5 9. Ne4 Nxe4 10. Bxe4 e6 11. c4 Qb4+ 12. Qd2 Qxc4 13. Bd3 Qb4 14. Qxb4 Bxb4+ 15. Bd2 Bxd2+ 16. Nxd2 Rd8 17. g4 Bg6 18. Bxg6 hxg6 19. O-O-O Nf6 20. g5 Nd5 21. Nf3 Ke7 22. Kc2 Rd6 23. h4 Nf4 24. Kc3 Rhd8 25. a4 c5 26. Kc4 cxd4 27. Rxd4 Rc8+ 28. Kb3 Rb6+ 29. Ka3 Nd5 30. a5 Rb5 31. b4 Rc3+ 32. Ka4 Rxb4+ 33. Rxb4 Nxb4 34. Kxb4 Rxf3 35. Rh2 Kd6 36. Kb5 Rf5+ 37. Kb4 Kc6 38. Ka4 Rf4+ 39. Kb3 Kb5 40. h5 gxh5 41. Rxh5 g6 42. Rh2 Kxa5 43. Kc3 b5 44. Kd3 b4 45. Ke3 Rf5 46. f4 b3 47. Rh1 b2 48.
Rb1 Rb5 49. Kd3 Kb6 50. Kc2 a5 51. Rxb2 Rxb2+ 52. Kxb2 Kc5 53. Kc3 a4 54. Kb2 Kd4 55. Ka3 Ke4 56. Kxa4 Kxf4 57. Kb4 Kxg5 58. Kc4 Kf4 59. Kd3 Kf3 60. Kd2 Kf2 61. Kd3 g5 62. Ke4 g4 63. Ke5 g3 64. Kf6 g2 65. Kxf7 e5 66. Kf6 e4 67. Kf5 e3 68.
Kg4 g1=Q+ 0-1

[Event "44th Chess Olympiad Women 2022"]
[Site "Chennai"]
[Date "2022.08.03"]
[Round "6.43"]
[White "Kaslan, Victoria"]
[Black "Abrorova, Sabrina"]
[Result "0-1"]
[WhiteElo "1477"]
[BlackElo "1799"]
[Annotator "NA RC"]
[PlyCount "84"]
[EventDate "2022.??.??"]
[TimeControl "60"]

1. e4 c5 2. Nf3 d6 3. d4 cxd4 4. Nxd4 Nf6 5. Nc3 a6 6. Be3 e5 7. Nb3 Be6 8. Be2 Be7 9. f3 Nbd7 10. Nd5 Bxd5 11. exd5 Nh5 12. g3 O-O 13. Qd2 Rc8 14. c4 f5 15. Bf2 Kh8 16. Qb4 Qc7 17. Qa5 Qb8 18.
Qb4 Qc7 19. Qa5 Qb8 20. Rc1 Nhf6 21. Nd2 Bd8 22. Qa4 Nc5 23. Qd1 a5 24. Nb1 Qc7 25. Nc3 Qe7 26. Bxc5 Rxc5 27. Kd2 e4 28. Re1 exf3 29. Bxf3 Qf7 30. b3 Nd7 31. Kc2 Bg5 32. Rb1 Ne5 33. Be2 Bf6 34. Rf1 b5 35. cxb5 Ng4 36. Bxg4 Rxc3+ 37. Kd2 Qxd5+ 38. Ke1 Rd3 39. Qe2 fxg4 40. Rf4 Bc3+ 41. Kf2 Rxf4+ 42. gxf4 Rf3+ 0-1

[Event "44th Chess Olympiad Women 2022"]
[Site "Chennai"]
[Date "2022.08.03"]
[Round "6.43"]
[White "Saidova, Rukhshona"]
[Black "Kaslan, Alexandra"]
[Result "1-0"]
[WhiteElo "1624"]
[BlackElo "1435"]
[Annotator "NA RC"]
[PlyCount "75"]
[EventDate "2022.??.??"]
[TimeControl "60"]

1. e4 e6 2. d4 d5 3. Nc3 Nf6 4. Bg5 Be7 5. e5 Nfd7 6. Bxe7 Qxe7 7. Bd3 a6 8. Qg4 g6 9. Nf3 c5 10. dxc5 Nxc5 11. Nxd5 Nxd3+ 12. cxd3 Qc5 13. Nf6+ Kf8 14. O-O Nd7 15. Qf4 Kg7 16. Rac1 Qe7 17. Nxd7 Bxd7 18. Rc7 Rhd8 19. Rxb7 Rab8 20. Rxb8 Rxb8 21. b3 h6 22. h4 Rb4 23. d4 Bc6 24. Rc1 Bd5 25. Rc8 Rb7 26. Nh2 g5 27. Qg4 f5 28. exf6+ Qxf6 29. Rc3 Qf5 30. hxg5 hxg5 31. Qh5 Rf7 32. Qe2 Qb1+ 33. Nf1 Rf4 34. Qe5+ Kg6 35. Rc8 Rf6 36. Rg8+ Kf7 37. Qxg5 Rf5 38. Qg7# 1-0

[Event "44th Chess Olympiad Women 2022"]
[Site "Chennai"]
[Date "2022.08.03"]
[Round "6.44"]
[White "Badenhorst, Chloe"]
[Black "Paul, Theophane"]
[Result "1-0"]
[WhiteElo "1703"]
[BlackElo "1493"]
[Annotator "NA RC"]
[PlyCount "65"]
[EventDate "2022.??.??"]
[TimeControl "60"]

1. e4 c6 2. d4 d5 3. e5 c5 4. dxc5 e6 5. a3 Bxc5 6. b4 Bb6 7. Nf3 Nd7 8.
Bb2 Ne7 9. Bd3 O-O 10. Bxh7+ Kh8 11. Bd3 Ng8 12. Nbd2 Bc7 13. Nb3 b6 14. h4 f6 15. exf6 Ndxf6 16. Ne5 Bxe5 17. Bxe5 Qe7 18. g4 Nd7 19. Bb2 e5 20. g5 e4 21. Qh5+ Nh6 22. O-O-O Qf7 23. Qxh6+ Kg8 24. Qc6 Qf4+ 25. Kb1 exd3 26. Qxd5+ Qf7 27. Qxd3 Bb7 28. g6 Qf5 29. Qxd7 Qxd7 30. Rxd7 Bxh1 31. Rxg7+ Kh8 32. Rh7+ Kg8 33.
Rh8# 1-0

[Event "44th Chess Olympiad Women 2022"]
[Site "Chennai"]
[Date "2022.08.03"]
[Round "6.44"]
[White "Bouah, Denise"]
[Black "Cadeau, Merisena"]
[Result "1-0"]
[WhiteElo "1736"]
[BlackElo "1439"]
[Annotator "NA RC"]
[PlyCount "97"]
[EventDate "2022.??.??"]
[TimeControl "60"]

1. e4 e5 2. Nf3 Nc6 3. Bb5 Nf6 4. d3 Bc5 5. Be3 Bd6 6. O-O a6 7. Ba4 O-O 8. c3 b5 9. Bc2 Re8 10. h3 Bf8 11. a4 Bb7 12. Nbd2 d6 13.
Re1 g6 14. Bg5 Bg7 15. Nh2 Qd7 16. Qf3 Nh5 17. Ng4 f5 18. Bb3+ Kh8 19. exf5 Qxf5 20. Qxf5 gxf5 21. Bf7 fxg4 22. Bxh5 Rf8 23. Bxg4 h6 24. Bh4 Bf6 25. Bxf6+ Rxf6 26. axb5 axb5 27. Rxa8+ Bxa8 28. Bf3 Bb7 29. Ra1 Rf7 30. Ra3 Nd8 31. Bxb7 Nxb7 32. Nb3 Nd8 33. Ra8 Rf8 34. Rb8 c6 35. Na5 Kg7 36. Rb6 d5 37. Nb7 Nxb7 38. Rxb7+ Rf7 39. Rb6 Rf6 40. Kf1 Kg6 41. Ke2 d4 42. Rb8 Kg7 43. Rd8 Kg6 44. cxd4 exd4 45. Rxd4 Re6+ 46. Re4 Rd6 47. Ke3 c5 48. Re5 Rc6 49. g4 1-0

[Event "44th Chess Olympiad Women 2022"]
[Site "Chennai"]
[Date "2022.08.03"]
[Round "6.44"]
[White "Jonet, Davena"]
[Black "Selkirk, Rebecca"]
[Result "0-1"]
[WhiteElo "1458"]
[BlackElo "1745"]
[Annotator "NA RC"]
[PlyCount "64"]
[EventDate "2022.??.??"]
[TimeControl "60"]

1. e4 e6 2. Nf3 d5 3. exd5 exd5 4. d4 Nf6 5. Bd3 Bg4 6. h3 Bh5 7. O-O Be7 8. Nbd2 O-O 9. Re1 c5 10. dxc5 Bxc5 11. Nb3 Bb6 12. c3 Nc6 13. Be2 Re8 14. Bg5 Re6 15. Bxf6 Rxf6 16. Nfd4 Bg6 17. Bf3 Qd6 18. Nb5 Qd7 19. Re2 a6 20. N5d4 h6 21. Qd2 Bc7 22. Rae1 Rd8 23. a3 a5 24. Bg4 Qd6 25. g3 Bb6 26. h4 Be4 27. Kh2 Bc7 28.
Rg1 Ne5 29. Nb5 Nxg4+ 30. Kh3 Qd7 31. Nxc7 Nxf2+ 32. Kh2 Qh3# 0-1

[Event "44th Chess Olympiad Women 2022"]
[Site "Chennai"]
[Date "2022.08.03"]
[Round "6.44"]
[White "Seine, Rose Berline"]
[Black "Van Zyl, Charlize"]
[Result "1/2-1/2"]
[WhiteElo "1679"]
[BlackElo "1704"]
[Annotator "NA RC"]
[PlyCount "141"]
[EventDate "2022.??.??"]
[TimeControl "60"]

1. e4 c6 2. d4 d5 3. exd5 cxd5 4. Bd3 Nc6 5. c3 Qc7 6. h3 Nf6 7. Nf3 g6 8. Qc2 Bg7 9. O-O O-O 10. Re1 Nh5 11. Qd2 e5 12. dxe5 Nxe5 13.
Nxe5 Bxe5 14. Na3 a6 15. Nc2 Nf4 16. Bf1 f6 17. Nd4 Bd7 18.
Qd1 Rae8 19. Nf3 Bc6 20. Nxe5 fxe5 21. Be3 Qd7 22. Qb3 Qf5 23. Rad1 Kg7 24. Kh2 g5 25. g3 Ne6 26. Bg2 d4 27. cxd4 exd4 28.
Rxd4 Nxd4 29. Bxd4+ Kg6 30. Rxe8 Rxe8 31. Bxc6 bxc6 32. Qb7 Qf7 33. Qxa6 Qd7 34. Qd3+ Qf5 35. Qc3 Re6 36. a4 h5 37. Qc5 Qxc5 38. Bxc5 Re2 39. b4 Kf5 40. a5 Ra2 41. Kg2 g4 42. hxg4+ hxg4 43. Kf1 Ke4 44. Ke1 Kd3 45. Kf1 Ke4 46. Kg2 Kf5 47. Bf8 Ke4 48.
Bg7 Kd3 49. Be5 Kc4 50. Bd6 Kd5 51. Bf8 Ke4 52. Bg7 Kd3 53.
Kf1 Kc4 54. Bf8 Kd4 55. f3 gxf3 56. g4 Ke3 57. Bh6+ Ke4 58.
Bg5 Rg2 59. Be7 Rxg4 60. a6 Rg2 61. a7 Ra2 62. Bc5 Kd5 63.
Bb6 Ra6 64. Kf2 Kc4 65. Bc5 Ra3 66. Kg3 Kb5 67. Kf2 Kc4 68.
Kg3 Rxa7 69. Bxa7 Kxb4 70. Kxf3 c5 71. Bxc5+ 1/2-1/2